 Dungeon Crawl Stone Soup version 0.31-a0-1074-g0b22e4e0f1 (webtiles) character file.

Game seed: 1168914183350800268

23 kae the Vexing (level 2, 0/20 HPs)
             Began as a Demonspawn Enchanter on Nov 26, 2023.
             Slain by a gnoll bouda
             ... wielding a +0 club
              (7 damage)
             ... on level 1 of the Dungeon.
             The game lasted 00:01:20 (901 turns).

kae the Vexing (Demonspawn Enchanter)                Turns: 901, Time: 00:01:21

Health: 0/20       AC:  8    Str:  8    XL:     2   Next: 72%
Magic:  5/5        EV: 12    Int: 16    God:
Gold:   58         SH:  0    Dex: 13    Spells: 3/5 levels left

rFire   . . .        a - +1 dagger
rCold   . . .        (no shield)
rNeg    . . .        b - +0 robe
rPois   .            (no helmet)
rElec   .            (no cloak)
rCorr   .            (no gloves)
SInv    .            (no boots)
Will    .....        (no amulet)
Stlth   ++           (no ring)
HPRegen 0.23/turn    (no ring)
MPRegen 0.09/turn

%: no passive effects
@: sanguine armoured
A: sanguine armour 1
a: no special abilities


You were on level 1 of the Dungeon.
You visited 1 branch of the dungeon, and saw 2 of its levels.

You collected 58 gold pieces.


Innate Abilities, Weirdness & Mutations

When seriously injured, your blood forms armour. (AC +6)


   Skills:
 + Level 0.4 Fighting
 * Level 1.3 Short Blades
 + Level 2.0 Dodging
 + Level 2.8 Stealth
 + Level 2.1 Spellcasting
 * Level 3.3 Hexes
 + Level 0.1 Ice Magic


You had 3 spell levels left.
You knew the following spells:

 Your Spells              Type           Power      Damage    Failure   Level
a - Ensorcelled Hibernat  Hex/Ice        14%        N/A       16%         2

Your spell library contained the following spells:

 Spells                   Type           Power      Damage    Failure   Level
 Confusing Touch          Hex            12%        N/A       16%         3
 Tukima's Dance           Hex            12%        N/A       16%         3
 Dazzling Flash           Conj/Hex       14%        N/A       30%         3
 Cause Fear               Hex            6%         N/A       45%         4
 Fireball                 Conj/Fire      0%         3d3       99%         5
 Dragon's Call            Summ           0%         N/A       100%        9

Inventory:

Hand Weapons
 a - a +1 dagger (weapon)
Missiles
 d - 11 stones
 e - 6 atropa-tipped darts
 f - 2 boomerangs
Armour
 b - a +0 robe (worn)
Potions
 c - 2 potions of invisibility
 g - a potion of degeneration {!q}
 h - a potion of brilliance

Dungeon Overview and Level Annotations

Branches:
Dungeon (2/15) Zot: 11100

Altars:

##################
#................#
#.##############.# #.# ###'#
##########.# ########....
#........#@#####...........
#.......gg.........##......
#........#.......####......
######........#....####.........
#...#####..>.#.....# #.....####
#............#.....# #.........
#............#.########.........
##...........#........+.....#...
##.....##...#.......##...#.#..†


You could see a gnoll bouda and a gnoll.


Message History

No target in view! 😎 HP[+3]
Your hp is fully restored (20).
As you open the door, it creaks loudly!
No target in view!
No target in view!
You see here a hobgoblin skeleton.
Key pressed, stopping explore.
Done exploring.
Done exploring.
Done exploring.
Done exploring.
As you read the scroll labelled TUQOIXEVEG, it crumbles to dust.
It is a scroll of identify.
g - a potion of degeneration
As you read the scroll labelled VAGAOB FIDGH, it crumbles to dust.
A profound silence engulfs you.
It was a scroll of silence.
Unknown command.
Magic scrolls do not work when you're silenced!
Done exploring.
Done exploring.
Unknown command.
You start waiting.
Your hearing returns.
There is a stone staircase leading down here.
You climb downwards.
There is a stone staircase leading up here.
There are monsters nearby!
The helpless goblin fails to defend itself.
You puncture the goblin!
You kill the goblin!
Your Dodging skill increases to level 2!
Things that are here:
a +0 dagger; a goblin corpse A giant cockroach comes into view.
The bat hits you but does no damage. The bat barely misses you.
You hit the bat.
You kill the bat!
You hit the giant cockroach. The giant cockroach closely misses you.
You hit the giant cockroach. The giant cockroach closely misses you.
The giant cockroach bites you.
You hit the giant cockroach.
You kill the giant cockroach! 😕 HP[-2]
You take 2 damage, and now have 18/20 hp.
No target in view!
No target in view!
No target in view!
No target in view!
d - 11 stones (gained 4)
Found a stone staircase leading down. 😎 HP[+2]
Your hp is fully restored (20).
As you read the scroll of identify {@r1}, it crumbles to dust.
h - a potion of brilliance A gnoll comes into view.
It is wielding a +0 club.
A gnoll is nearby!
A gnoll is nearby!
A gnoll is nearby!
A gnoll bouda, a gnoll and a rat come into view.
The gnoll is wielding a +0 spear.
Found 2 gold pieces.
Found a stone staircase leading down.
A gnoll comes into view. It is wielding a +0 whip.
The gnoll shouts! x2
The gnoll bouda gazes fiercely through you!
You feel your attacks grow feeble.
You hear a shout!
Your attacks no longer feel as feeble.
The gnoll bouda barks out a call to the hunt!
The gnolls pick up the pace!
You hear a shout!
There is a stone staircase leading up here.
The gnoll bouda barks out a call to the hunt!
The gnoll picks up the pace!
The gnoll throws a throwing net.
The throwing net barely misses you.
A gnoll comes into view. It is wielding a +0 whip.
The gnoll bouda closely misses you. The gnoll barely misses you.
The gnoll hits you with a +0 club.
You climb upwards.
There is a stone staircase leading down here. 😮 HP[-5]
You take 5 damage, and now have 15/20 hp.
MASSIVE DAMAGE!! (PAUSE)
The gnoll hits you with a +0 club.
* * * LOW HITPOINT WARNING * * *
Your blood congeals into armour. 😨 HP[-5]
You take 5 damage, and now have 10/20 hp.
MASSIVE DAMAGE!! (PAUSE)
The gnoll is no longer moving quickly. 😮 HP[+1]
The gnoll attacks as it pursues you! The gnoll hits you with a +0 club.
* * * LOW HITPOINT WARNING * * *
There is an open door here. 😨 HP[-4]
You take 4 damage, and now have 7/20 hp.
The gnoll bouda attacks as it pursues you!
The gnoll bouda hits you with a +0 club!
You die...

Skill      XL: |  1  2 |
---------------+-------+-----
Short Blades   | 1 |  1.3
Dodging        | 2 |  2.0
Fighting       | |  0.4
Stealth        | |  2.8
Spellcasting   | |  2.1
Hexes          | |  3.3
Ice Magic      | |  0.1

Action                     || total
---------------------------++-------
  Melee: Dagger            ||    62
   Cast: Ensorcelled Hiber ||     2
    Use: Scroll            ||     3
   Stab: Sleeping          ||     5
 Armour: Robe              ||    34
  Dodge: Dodged            ||    37

Levels and vault maps discovered:
D:1:      dpeg_arrival_round_b, layout_basic, minmay_misc_feat_five
D:2:      layout_rooms, basic_altar, amcnicky_mini_pool_small

Notes
Turn   | Place    | Note
-------+----------+-------------------------------------------
     0 | D:1      | kae the Demonspawn Enchanter began the quest for the Orb.
     0 | D:1      | Reached XP level 1. HP: 13/13 MP: 3/3
     0 | D:1      | magus.rc [v1.11.3]
    55 | D:1      | HP: 3/13 [dart slug/slug dart (4)]
    60 | D:1      | Reached skill level 1 in Short Blades
   226 | D:1      | Gained mutation: When seriously injured, your blood forms
                  | armour. (AC +6) [demonic ancestry]
   226 | D:1      | Reached XP level 2. HP: 9/19 MP: 5/5
   294 | D:1      | Learned a level 2 spell: Ensorcelled Hibernation
   319 | D:1      | You pick up a book of the Dragon and begin reading...
   319 | D:1      | You add the spells Cause Fear, Fireball and Dragon's Call
                  | to your library.
   852 | D:2      | Reached skill level 2 in Dodging
   901 | D:1      | Slain by a gnoll bouda

Vanquished Creatures
  A dart slug (D:1)
  3 ball pythons (D:1)
  5 bats
  2 endoplasms (D:1)
  2 giant cockroaches
  A goblin (D:2)
  2 hobgoblins (D:1)
  A kobold (D:1)
  A rat (D:1)
18 creatures vanquished.

Table legend:
 A = Non-vault XP
 B = Vault XP
 C = Vault XP percentage of total XP
 D = Non-vault monster count
 E = Vault monster count
 F = Vault count percentage of total count
                 A         B        C        D         E       F
            +---------+---------+-------+---------+---------+-------
      Total |      33 |       0 |   0.0 |      18 |       0 |   0.0
            +---------+---------+-------+---------+---------+-------
        D:1 |      28 |       0 |   0.0 |      15 |       0 |   0.0
        D:2 |       5 |       0 |   0.0 |       3 |       0 |   0.0
            +---------+---------+-------+---------+---------+-------

Skill      XL: |  1  2 |
---------------+-------+-----
Short Blades   | 1 |  1.3
Dodging        | 2 |  2.0
Fighting       | |  0.4
Stealth        | |  2.8
Spellcasting   | |  2.1
Hexes          | |  3.3
Ice Magic      | |  0.1

Action                     || total
---------------------------++-------
  Melee: Dagger            ||    62
   Cast: Ensorcelled Hiber ||     2
    Use: Scroll            ||     3
   Stab: Sleeping          ||     5
 Armour: Robe              ||    34
  Dodge: Dodged            ||    37

Illustrated notes

Table legend:
 A = Kills in this place as a percentage of kills in the entire game.
 B = Kills by you in this place as a percentage of kills by you in the entire game.
 C = Kills by friends in this place as a percentage of kills by friends in the entire game.
 D = Other kills in this place as a percentage of other kills in the entire game.
 E = Experience gained in this place as a percentage of experience gained in the entire game.
 F = Experience gained in this place divided by the number of levels of this place that you have seen.
                   A       B       C       D       E      F
               +-------+-------+-------+-------+-------+----------------------
         Total | 100.0 | 100.0 |   N/A |   N/A | 100.0 |  16.5
       Dungeon | 100.0 | 100.0 |   N/A |   N/A | 100.0 |  16.5
               +-------+-------+-------+-------+-------+----------------------

Table legend: (Time is in decaauts)
 A = Elapsed time spent in this place.
 B = Non-inter-level travel time spent in this place.
 C = Inter-level travel time spent in this place.
 D = Time resting spent in this place.
 E = Time spent auto-exploring this place.
 F = Levels seen in this place.
 G = Mean time per level.
                   A        B        C        D        E       F      G
               +--------+--------+--------+--------+--------+-----+--------+
         Total |    898 |    895 |      3 |     75 |    640 |   2 |  449.0 |
       Dungeon |    898 |    895 |      3 |     75 |    640 |   2 |  449.0 |
               +--------+--------+--------+--------+--------+-----+--------+

Top non-repeatable levels by time:
     D:1: 850 daAuts
     D:2: 47 daAuts
